 Dungeon Crawl Stone Soup version 0.16.0-17-g811c1d7 (webtiles) character file.

1131 Antunes the Bolt Thrower (level 8, -3/58 HPs)
             Began as a Demonspawn Hunter on Mar 22, 2015.
             Was a Believer of Okawaru.
             Slain by a warg (8 damage)
             ... on level 8 of the Dungeon.
             The game lasted 00:54:24 (5487 turns).

Antunes the Bolt Thrower (Demonspawn Hunter)        Turns: 5487, Time: 00:54:25

Health: -3/58      AC:  5    Str: 18    XL:     8   Next: 13%
Magic:  14/14      EV: 13    Int: 12    God:    Okawaru [**....]
Gold:   45         SH:  0    Dex: 16    Spells: 4 memorised, 8 levels left

rFire  . . .     SeeInvis .     q - -3 hand axe "Feughag" {elec, Str+5}
rCold  . . .     Clarity  +     y - +0 leather armour
rNeg   + . .     SustAb   .     (no shield)
rPois  .         Gourm    .     (no helmet)
rElec  .         Spirit   .     (no cloak)
rCorr  .         Warding  .     w - +1 pair of gloves
rMut   .         Stasis   .     (no boots)
MR     .....                    g - amulet of clarity
Stlth  ++........               D - ring of positive energy
                                o - +5 ring of slaying

@: not resistant to hostile enchantments, unstealthy
A: hooves 1, powered by pain 2
a: Heroism, Renounce Religion


You were on level 8 of the Dungeon.
You worshipped Okawaru.
Okawaru was pleased with you.
You were not hungry.

You visited 2 branches of the dungeon, and saw 9 of its levels.

You collected 411 gold pieces.
You spent 366 gold pieces at shops.


Innate Abilities, Weirdness & Mutations

You have large cloven feet.
You sometimes gain power by taking damage.


   Skills:
 * Level 3.4 Fighting
 * Level 2.5 Short Blades
 + Level 0.5 Axes
 + Level 5.1 Crossbows
 + Level 2.4 Armour
 * Level 3.6 Dodging
 * Level 3.2 Stealth
 * Level 2.5 Spellcasting
 * Level 1.6 Necromancy
 * Level 1.4 Translocations
 * Level 3.0 Invocations


You had 8 spell levels left.
You knew the following spells:

 Your Spells              Type           Power        Failure   Level  Hunger
a - Apportation           Tloc           #.........   17%         1    #......
b - Animate Skeleton      Necr           N/A          17%         1    #......
c - Summon Small Mammal   Summ           #...         34%         1    #......
d - Corona                Hex            #......      34%         1    #......


Dungeon Overview and Level Annotations

Branches:
Dungeon (8/15)             Temple (1/1) D:5
   Lair: D:8-11

Altars:
Ashenzari
Cheibriados
Dithmenos
Elyvilon
Fedhas
Gozag
Kikubaaqudgha
Nemelex Xobeh
Okawaru
Qazlal
Ru
Sif Muna
Trog
Vehumet
Xom
Yredelemnul
Zin
The Shining One

Shops:
D:6 :?(??

Annotations:
D:5 exclusion: upstairs
D:6 exclusion: 2 downstairs
D:7 Edmund
D:8 exclusion: upstairs

Inventory:

Hand weapons
 a - a +1 short sword
 b - a +1 hand crossbow
 q - the -3 hand axe "Feughag" (weapon) {elec, Str+5}
   (You found it on level 6 of the Dungeon)

   Occasionally, upon striking a foe, it will discharge some electrical energy
   and cause terrible harm.
   It affects your strength (+5).
 G - a +0 trident
   (You found it on level 3 of the Dungeon)
Missiles
 c - 73 bolts
 h - 30 stones
 l - 6 javelins (quivered)
 p - 17 poisoned needles
 I - 57 sling bullets
 L - 12 bolts of frost
Armour
 d - a +0 leather armour
 w - a +1 pair of gloves (worn)
   (You found it on level 2 of the Dungeon)
 y - a +0 leather armour (worn)
   (You found it on level 5 of the Dungeon)
Jewellery
 g - an amulet of clarity (around neck)
   (You found it on level 5 of the Dungeon)
 o - a +5 ring of slaying (left hand)
   (You found it on level 1 of the Dungeon)
 x - an uncursed amulet of stasis
   (You found it on level 5 of the Dungeon)
 D - a ring of positive energy (right hand)
   (You found it on level 3 of the Dungeon)
Magical devices
 s - a wand of polymorph (9)
   (You found it on level 8 of the Dungeon)
 C - a wand of fire (9)
   (You found it on level 8 of the Dungeon)
Scrolls
 e - a scroll of amnesia
 i - a scroll of teleportation
 t - a scroll of torment {unknown}
 E - 3 scrolls of fog
 H - a scroll of immolation {unknown}
 J - a scroll of enchant weapon
 K - 5 scrolls of identify
Potions
 k - a potion of degeneration {unknown}
 m - a potion of magic
 r - 4 potions of curing
 u - a potion of brilliance {unknown}
 v - a potion of lignification {unknown}
 z - 2 potions of heal wounds
 A - a potion of resistance
 B - 2 potions of agility
Books
 j - a book of Cantrips
   (You bought it in a shop on level 6 of the Dungeon)
Comestibles
 f - 6 bread rations
 n - a royal jelly
 F - 2 meat rations

. .## ..# #.#
#.# #.# #.#
#.#########
##.#
#....@hh.o#
#...
#########.#
#... #.# #.#.
#h# #.#.
#######.###
#.#.
#......oh.#
#.#.
#.........####
#.#.
#............#
#.##
#####........#
#.#


You could see 2 wargs and an orc.


Message History

The orc wizard gestures at you while chanting.
You resist with some effort.
A warg, an orc and an orc warrior come into view.
Firing (i - inventory. (,) - cycle):
c - 75 bolts (quivered)
Press: ? - help, Shift-Dir - straight line, f/p - orc wizard
Aim: an orc wizard, wielding a dagger and wearing a robe (almost dead)
You shoot a bolt. The orc shouts!
The orc warrior shouts!
The warg barks!
The bolt hits the orc wizard!
You kill the orc wizard!
Okawaru accepts your kill.
A warg comes into view.
c - 75 bolts (gained 1)
A hound and an orc come into view.
The warg barks!
You see here 3 mutagenic chunks of flesh.
Firing (i - inventory. (,) - cycle):
c - 75 bolts (quivered)
Press: ? - help, Shift-Dir - straight line, f - orc warrior
Aim: an orc warrior, wielding a dire flail of holy wrath and wearing a plate armour You shoot a bolt.
The bolt closely misses the orc warrior.
Firing (i - inventory. (,) - cycle):
c - 74 bolts (quivered)
Press: ? - help, Shift-Dir - straight line, f/p - orc warrior
Aim: an orc warrior, wielding a dire flail of holy wrath and wearing a plate armour You shoot a bolt.
The bolt completely misses the orc warrior.
Wield which item (- for none, * to show all)? (? for menu, Esc to quit)
You hear the crackle of electricity.
q - the -3 hand axe "Feughag" (weapon)
{elec, Str+5} You completely miss the orc warrior.
You kick the orc warrior, but do no damage.
The orc warrior hits you with a dire flail of holy wrath!
You convulse!
You slash the orc warrior!
There is a sudden explosion of sparks!
You kill the orc warrior!
Okawaru accepts your kill.
Your Invocations skill increases to level 3!
The warg bites you!
You hit the warg.
There is a sudden explosion of sparks!
The warg is heavily wounded.
The warg bites you!
* * * LOW HITPOINT WARNING * * *
The warg bites you.
* * * LOW HITPOINT WARNING * * *
You barely miss the warg. Your kick misses the warg.
The warg is heavily wounded.
The warg bites you!
* * * LOW HITPOINT WARNING * * *
The warg bites you!
You die...

Action                   |  1- 3 |  4- 6 |  7- 9 || total
-------------------------+-------+-------+-------++-------
Melee: Short sword       |    45 |    25 |     1 ||    71
       Hand axe          |       |    16 |    37 ||    53
 Fire: Hand crossbow     |    61 |    42 |    21 ||   124
  Use: Scroll            |     6 |     7 |     1 ||    14
       Potion            |       |     5 |       ||     5
 Stab: Sleeping          |       |     4 |     2 ||     6
  Eat: Chunk             |     3 |     4 |     3 ||    10
       Pizza             |       |     1 |       ||     1
       Fruit             |       |     1 |       ||     1
       Beef jerky        |       |     1 |       ||     1

Vault maps used:
D:1:      minmay_arrival_pointy, serial_curves, eino_curves_02, eino_curves_02,
          grunt_decor_one_mirror
D:3:      nicolae_overflow_crystal_walls, lemuel_coloured_pillars_altar
D:4:      hangedman_decor_opposing
D:5:      old_forge, kennysheep_little_box, overflow_temple_1_default,
          nemelex_xobeh_ov_fountains_minmay, basic_altar, first_bread
D:6:      serial_shops, nicolae_shop_statue_plus, nicolae_shop_behind_doors,
          shop, nicolae_shop_competitors_out_of_business, kennysheep_mini_moat,
          minmay_mini_ossuary
D:7:      overflow_temple_1_default, uniq_prince_ribbit1, uniq_edmund
D:8:      lemuel_round_altar, kennysheep_mini, erik_lair_orcish_takeover
Temple:   triangle_lava_temple_11

Notes
Turn   | Place    | Note
--------------------------------------------------------------
     0 | D:1      | Antunes, the Demonspawn Hunter, began the quest for the Orb.
     0 | D:1      | Reached XP level 1. HP: 16/16 MP: 1/1
   209 | D:1      | Reached skill level 1 in Stealth
   472 | D:1      | Gained mutation: You sometimes gain a little power by taking damage. [demonic ancestry]
   472 | D:1      | Reached XP level 2. HP: 20/22 MP: 2/2
   914 | D:2      | Reached skill level 2 in Dodging
   914 | D:2      | Reached skill level 1 in Spellcasting
  1086 | D:2      | Reached XP level 3. HP: 27/27 MP: 4/4
  1099 | D:2      | Reached skill level 4 in Crossbows
  1481 | D:3      | Found a sacrificial altar of Ru.
  1535 | D:3      | Found a radiant altar of Vehumet.
  1604 | D:5      | Entered Level 5 of the Dungeon
  1763 | D:3      | Reached XP level 4. HP: 33/33 MP: 6/6
  1877 | D:4      | Noticed an ogre
  2394 | D:5      | Noticed an ogre
  2412 | D:5      | Noticed a scorpion
  2422 | D:5      | Killed a scorpion
  2422 | D:5      | Reached skill level 1 in Short Blades
  2589 | D:5      | Killed an ogre
  2589 | D:5      | Reached skill level 1 in Armour
  2589 | D:5      | Reached XP level 5. HP: 39/39 MP: 7/7
  2620 | D:5      | Noticed an ice beast
  2708 | D:6      | Found Feehist's Weapon Shop.
  2719 | D:6      | Reached skill level 2 in Stealth
  2725 | D:6      | Got a slimy hand axe
  2757 | D:6      | Identified the -3 hand axe "Feughag" {elec, Str+5} (You found it on level 6 of the Dungeon)
  2974 | D:5      | Gained mutation: You have large cloven feet. [demonic ancestry]
  2974 | D:5      | Reached XP level 6. HP: 46/46 MP: 9/9
  3050 | D:5      | Found an iron altar of Okawaru.
  3169 | D:5      | Reached skill level 3 in Dodging
  3210 | D:5      | Became a worshipper of Warmaster Okawaru
  3245 | D:5      | Found an ancient bone altar of Kikubaaqudgha.
  3319 | D:5      | Found an opulent altar of Gozag.
  3393 | D:4      | Noticed an ogre
  3562 | D:4      | Reached skill level 3 in Fighting
  3772 | D:5      | Found a staircase to the Ecumenical Temple.
  3782 | Temple   | Entered the Ecumenical Temple
  4024 | D:5      | Killed an ice beast
  4024 | D:5      | Reached skill level 2 in Short Blades
  4024 | D:5      | Reached skill level 2 in Spellcasting
  4024 | D:5      | Reached skill level 1 in Invocations
  4027 | D:5      | Found a sparkling altar of Nemelex Xobeh.
  4223 | D:5      | Noticed a scorpion
  4223 | D:5      | Noticed a scorpion
  4323 | D:7      | Found a stormy altar of Qazlal.
  4389 | D:6      | Found Smemotz's Book Shop.
  4392 | D:6      | Acquired Okawaru's first power
  4392 | D:6      | Reached XP level 7. HP: 52/52 MP: 12/12
  4399 | D:6      | Bought a book of Cantrips for 260 gold pieces
  4401 | D:6      | Learned a level 1 spell: Apportation
  4403 | D:6      | Learned a level 1 spell: Animate Skeleton
  4405 | D:6      | Learned a level 1 spell: Summon Small Mammal
  4407 | D:6      | Learned a level 1 spell: Corona
  4430 | D:6      | Reached skill level 2 in Armour
  4498 | D:6      | Reached skill level 5 in Crossbows
  4522 | D:6      | Found Rastrean's Magic Scroll Shoppe.
  4537 | D:6      | Bought a scroll of identify for 28 gold pieces
  4610 | D:6      | Found Shrann Veoq's Magic Scroll Shop.
  4613 | D:6      | Bought a scroll of fog for 26 gold pieces
  4613 | D:6      | Bought a scroll of identify for 26 gold pieces
  4613 | D:6      | Bought a scroll of identify for 26 gold pieces
  4629 | D:6      | Reached skill level 1 in Necromancy
  4638 | D:7      | Noticed Edmund
  4814 | D:6      | Noticed a sky beast
  4825 | D:6      | Killed a sky beast
  4825 | D:6      | Reached skill level 2 in Invocations
  4871 | D:6      | Found Wiucecka's Magic Scroll Shoppe.
  4960 | D:6      | Noticed an ogre
  4965 | D:6      | Killed an ogre
  4965 | D:6      | Reached skill level 3 in Stealth
  4965 | D:6      | Reached skill level 1 in Translocations
  5433 | D:8      | Found a bloodstained altar of Trog.
  5445 | D:8      | Gained mutation: You sometimes gain power by taking damage. [demonic ancestry]
  5445 | D:8      | Reached XP level 8. HP: 58/58 MP: 14/14
  5484 | D:8      | Reached skill level 3 in Invocations
  5486 | D:8      | HP: 5/58 [warg (11)]
  5487 | D:8      | Slain by a warg

Vanquished Creatures
  2 sky beasts (D:6 D:8)
  An orc warrior (D:8)
  An ice beast (D:5)
  2 ogres (D:5 D:6)
  2 giant frogs (D:6)
  A scorpion (D:5)
  A goliath beetle (D:5)
  A giant frog zombie (D:6)
  An orc priest (D:5)
  A jelly (D:6)
  3 orc wizards (D:5 D:4 D:8)
  An iguana (D:6)
  A worker ant (D:5)
  A mummy (D:6)
  4 gnolls (D:6)
  2 adders (D:2 D:5)
  3 worms (D:2 D:3)
  A shadow imp (D:6)
  2 giant geckos (D:3)
  5 orcs (D:5 D:4 D:8)
  A bat skeleton (D:6)
  2 giant cockroaches (D:1 D:3)
  11 hobgoblins (D:1 D:2 D:3 D:6 D:5)
  3 quokkas (D:2 D:8)
  2 ball pythons (D:2)
  8 bats (D:1 D:2 D:6 D:8)
  6 giant newts (D:1 D:2 D:3 D:6)
  11 goblins (D:1 D:2 D:3 D:6)
  A hobgoblin zombie (D:6)
  5 jackals (D:3)
  5 kobolds (D:2 D:3 D:4 D:6)
  3 kobold zombies (D:6)
  9 rats (D:1 D:2 D:3 D:5 D:4)
103 creatures vanquished.

Vault maps used:
D:1:      minmay_arrival_pointy, serial_curves, eino_curves_02, eino_curves_02,
          grunt_decor_one_mirror
D:3:      nicolae_overflow_crystal_walls, lemuel_coloured_pillars_altar
D:4:      hangedman_decor_opposing
D:5:      old_forge, kennysheep_little_box, overflow_temple_1_default,
          nemelex_xobeh_ov_fountains_minmay, basic_altar, first_bread
D:6:      serial_shops, nicolae_shop_statue_plus, nicolae_shop_behind_doors,
          shop, nicolae_shop_competitors_out_of_business, kennysheep_mini_moat,
          minmay_mini_ossuary
D:7:      overflow_temple_1_default, uniq_prince_ribbit1, uniq_edmund
D:8:      lemuel_round_altar, kennysheep_mini, erik_lair_orcish_takeover
Temple:   triangle_lava_temple_11

Table legend:
 A = Turns spent in this place as a percentage of turns spent in the entire game.
 B = Non-inter-level travel turns spent in this place as a percentage of non-inter-level travel turns spent in the entire game.
 C = Inter-level travel turns spent in this place as a percentage of turns spent in this place.
 D = Turns resting spent in this place as a percentage of non-inter-level travel turns spent in this place.
 E = Turns spent auto-exploring this place as a percentage of non-inter-level travel turns spent in this place.
 F = Non-inter-level travel turns spent in this place divided by the number of levels of this place that you've seen.
                   A       B       C       D       E      F
               +-------+-------+-------+-------+-------+----------------------
         Total | 100.0 | 100.0 |   0.0 |   1.4 |   4.6 | 259.1
       Dungeon |  98.9 |  98.9 |   0.0 |   1.4 |   4.2 | 288.4
        Temple |   1.1 |   1.1 |   0.0 |   0.0 |  40.0 |  25.0
               +-------+-------+-------+-------+-------+----------------------

Table legend:
 A = Kills in this place as a percentage of kills in entire the game.
 B = Kills by you in this place as a percentage of kills by you in the entire game.
 C = Kills by friends in this place as a percentage of kills by friends in the entire game.
 D = Other kills in this place as a percentage of other kills in the entire game.
 E = Experience gained in this place as a percentage of experience gained in the entire game.
 F = Experience gained in this place divided by the number of levels of this place that you have seen.
                   A       B       C       D       E      F
               +-------+-------+-------+-------+-------+----------------------
         Total | 100.0 | 100.0 |  -nan |  -nan | 100.0 | 179.7
       Dungeon | 100.0 | 100.0 |  -nan |  -nan | 100.0 | 202.1
               +-------+-------+-------+-------+-------+----------------------
